AoeStats
← Twitch.tv/WES_XL

Oasis

510001777Analyzed
4v4 RM · 3d ago on Sep 29, 2026· 25m 13s· 8 players
Game mode
Random Map
Map size
Large (8 player)
Population
200
Speed
Normal
Resources
Standard
Victory
Conquest
Starting age
Dark Age
Ending age
Imperial Age
RankedLock teamsTeams togetherTeam positionsShared explorationLock speedFull tech treeHidden civsTurbo modeCheats
Victory
Defeat
🇺🇸 Ethiopians · United States
1358
+13
🇺🇸 Khitans · United States
1332
+14
🇺🇸 Britons · United States
1251
+18
🇺🇸 Persians · United States
1237
+18
🇨🇴 Varangians · Colombia
1324
-17
🇲🇽 Saracens · Mexico
1294
-16
🇲🇽 Hindustanis · Mexico
1276
-15
🇺🇸 Magyars · United States
1276
-15
Twitch.tv/WES_XL
6:25 Loom
9:28 Feudal Age
12:47 Fletching
17:52 Padded Archer Armor
22:21 Double-Bit Axe
22:18 Horse Collar
Sun Tzu
6:36 Loom
10:07 Feudal Age
12:50 Double-Bit Axe
13:40 Scale Barding Armor
16:06 Horse Collar
24:42 Castle Age
24:56 Bloodlines
jaimeerp
7:17 Loom
9:32 Feudal Age
10:28 Double-Bit Axe
17:53 Bloodlines
17:36 Horse Collar
19:37 Wheelbarrow
23:32 Castle Age
21:44 Scale Barding Armor
21:39 Scale Mail Armor
22:25 Forging
24:43 Husbandry
25:04 Bow Saw
24:45 Gold Mining
25:01 Heavy Plow
SIN CLAN
2:53 Loom
9:02 Loom
12:01 Feudal Age
13:36 Fletching
14:26 Double-Bit Axe
17:24 Padded Archer Armor
17:18 Horse Collar
19:01 Wheelbarrow
24:44 Castle Age
Attic
5:04 Loom
9:07 Feudal Age
11:07 Double-Bit Axe
11:08 Domestication
17:26 Forging
18:09 Scale Barding Armor
23:24 Wheelbarrow
26:19 Castle Age
ZooWee
10:45 Feudal Age
11:09 Double-Bit Axe
15:34 Castle Age
13:36 Horse Collar
13:46 Loom
14:20 Gold Mining
16:23 Forging
18:08 Bloodlines
20:21 Wheelbarrow
19:32 Loom
20:37 Scale Barding Armor
20:36 Husbandry
23:57 Iron Casting
24:41 Bow Saw
24:37 Heavy Plow
kevz
4:48 Loom
10:05 Feudal Age
12:09 Double-Bit Axe
17:39 Horse Collar
20:43 Fletching
22:07 Wheelbarrow
22:09 Gold Mining
25:16 Castle Age
Jozh
5:01 Loom
9:57 Feudal Age
10:34 Double-Bit Axe
13:45 Fletching
13:55 Padded Archer Armor
21:16 Castle Age
21:24 Crossbowman
22:01 Bodkin Arrow
24:17 Thumb Ring
24:49 Bow Saw
Connection lost

Rejoining the realm…

Still unreachable

The connection could not be restored.

Session expired

The server has moved on; the page needs a fresh start.